 Dungeon Crawl Stone Soup version 0.28.0 (webtiles) character file.

Game seed: 13921700394507828506

1563 croobank the Cruncher (level 8, -1/42 HPs)
             Began as a Vine Stalker Wanderer on Feb 5, 2022.
             Was an Initiate of Hepliaklqana.
             Succumbed to a killer bee's poison
             ... on level 6 of the Dungeon.
             The game lasted 00:25:29 (6483 turns).

croobank the Cruncher (Vine Stalker Wanderer)       Turns: 6483, Time: 00:25:31

Health: -1/42      AC:  2    Str: 15    XL:     8   Next: 89%
Magic:  1/14       EV: 12    Int: 22    God:    Hepliaklqana [......]
Gold:   241        SH:  0    Dex: 16    Spells: 7/14 levels left

rFire   . . .      SeeInvis .   a - +9 quarterstaff of Poverty {speed, Int+7 Dex+3}
rCold   . . .      Faith    .   (shield currently unavailable)
rNeg    . . .      Spirit   +   c - +0 robe
rPois   .          Reflect  .   (no helmet)
rElec   .          Harm     .   (no cloak)
rCorr   .          Rampage  .   (no gloves)
Will    +....                   (no boots)
Stlth   ++........              (no amulet)
HPRegen 0.94/turn               (no ring)
MPRegen 0.14/turn               (no ring)

@: lethally poisoned (-1 -> -14)
A: fangs 3, regeneration 1, magic shield, antimagic bite, no potion heal 2
a: Renounce Religion


You were on level 6 of the Dungeon.
You worshipped Hepliaklqana.
Hepliaklqana was noncommittal.
You visited 2 branches of the dungeon, and saw 8 of its levels.

You collected 241 gold pieces.

Inventory:

Hand Weapons
 a - the +9 quarterstaff of Poverty (weapon) {speed, Int+7 Dex+3}
   (You found it on level 4 of the Dungeon)

   Attacks with this weapon are significantly faster.
   Int:       It affects your intelligence (+7).
   Dex:       It affects your dexterity (+3).
 g - a +0 club
 i - a +2 vorpal hand axe
 j - a +2 short sword of venom
 l - a +0 flail
 s - a +1 dagger of draining
 y - a +0 morningstar
 z - a +1 vorpal war axe
 B - a +0 flail of holy wrath
 H - a +0 shortbow
 J - a +2 whip of electrocution
 K - a +1 short sword of flaming
 L - a +0 battleaxe
Missiles
 b - 143 stones
 k - 33 sling bullets
 x - 42 bolts
 C - 3 boomerangs
 I - 23 arrows
 N - 2 throwing nets
Armour
 c - a +0 robe (worn)
 t - a +0 chain mail
 u - a +0 ring mail
 v - a +0 scale mail
 w - a +3 kite shield of protection
 E - a +0 leather armour
 P - a +0 plate armour
Jewellery
 M - a ring of protection from cold
Wands
 A - a wand of flame (17) (quivered)
 R - a wand of acid (8)
Scrolls
 f - 2 scrolls of magic mapping
 m - a scroll of summoning {unknown}
 o - 2 scrolls of torment {unknown}
 p - 2 scrolls of teleportation {unknown}
 q - 3 scrolls of amnesia {unknown}
 r - a scroll of immolation {unknown}
 D - a scroll of enchant weapon {unknown}
 O - a scroll of noise {unknown}
 Q - a scroll of vulnerability {unknown}
Potions
 d - 2 potions of attraction
 e - 3 potions of curing
 h - 3 potions of berserk rage
 n - a potion of haste
 F - a potion of degeneration {unknown}
 G - a potion of flight {unknown}


   Skills:
 - Level 4.3 Fighting
 - Level 2.1(2.2) Axes
 - Level 0.2(5.3) Maces & Flails
 + Level 8.2 Staves
 - Level 1.0 Dodging
 - Level 1.0 Stealth
 - Level 3.5 Spellcasting
 - Level 0.4 Hexes
 - Level 1.9 Summonings
 - Level 2.9 Earth Magic
 - Level 1.0 Evocations


You had 7 spell levels left.
You knew the following spells:

 Your Spells              Type           Power      Damage    Failure   Level
a - Sandblast             Erth           32%        2d9       3%          1
b - Summon Small Mammal   Summ           48%        N/A       5%          1
c - Passwall              Tmut/Erth      8%         N/A       10%         2
d - Summon Guardian Gole  Hex/Summ       9%         N/A       22%         3

Your spell library contained the following spells:

 Spells                   Type           Power      Damage    Failure   Level
 Petrify                  Tmut/Erth      10%        N/A       54%         4


Dungeon Overview and Level Annotations

Branches:
Dungeon (7/15)             Temple (1/1) D:6

Altars:
Ashenzari
Cheibriados
Dithmenos
Elyvilon
Gozag
Hepliaklqana
Kikubaaqudgha
Makhleb
Nemelex Xobeh
Okawaru
Qazlal
Ru
Sif Muna
Trog
Xom
Yredelemnul
Zin
The Shining One


Innate Abilities, Weirdness & Mutations

You have razor-sharp teeth.
Your natural rate of healing is unusually fast.
When hurt, damage is shared between your health and your magic reserves.
Your bite disrupts and absorbs the magic of your enemies.
Potions cannot restore your health.


Message History

There are monsters nearby!
The killer bee stings you!
You are poisoned.
The killer bee poisons you! The killer bee barely misses you.
You climb upwards.
You feel sick.
There is a stone staircase leading down here.
You hit the killer bee.
The killer bee is lightly wounded.
You feel sick. The killer bee stings you!
You are more poisoned.
The killer bee poisons you!
You closely miss the killer bee. Your bite misses the killer bee.
The killer bee is lightly wounded.
You feel sick. The killer bee stings you!
You are more poisoned.
The killer bee poisons you!
You miss the killer bee. Your bite misses the killer bee.
The killer bee is lightly wounded.
You feel sick. The killer bee stings you.
You closely miss the killer bee.
The killer bee is lightly wounded.
You feel sick. The killer bee stings you.
* * * LOW HITPOINT WARNING * * *
You are lethally poisoned!
The killer bee poisons you!
You sock the killer bee! Your bite misses the killer bee.
The killer bee is severely wounded.
* * * LOW HITPOINT WARNING * * *
You feel very sick. The killer bee stings you!
* * * LOW HITPOINT WARNING * * *
Casting: Summon Small Mammal (safe; 5% risk of failure)
Confirm with . or Enter, or press ? or * to list all spells.
Okay, then.
Aiming: Throw Flame
Press: ? - help, Q - select action, (/) - cycle Shift-Dir - straight line, f - killer bee
Aim: a killer bee (severely wounded, 39% to hit)
The puff of flame hits the killer bee!
You kill the killer bee!
You die...

### ..################ #####
#................# #####...#####
..##############.###...........#
.## #.#..........##.# .#
###########.#.#.##.....##.# .#
#.........>...#.###...###.##
.#####...........#.#.# ##.## #...
..........#.#...@..#.# ##.####...
.#.......#.#.#...#.#.###.........
.#.####.#.#.#.#..#.#.....#####...
[#.####..#.>.#..............##...
.)).....#.#.#.#....#.###.###.#.#<
#..###...#.#.#........#.## ##..##
.#.###....#.#...........# #..#
........................## ##.##
##..............^........###.##


There were no monsters in sight!

Vanquished Creatures
  An orc warrior (D:6)
  A sky beast (D:6)
  A black bear (D:5)
  An ice beast (D:6)
  An ogre (D:5)
  A phantom (D:5)
  A centaur (D:5)
  A nameless horror (D:6)
  2 scorpions
  A water moccasin zombie (D:5)
  A killer bee (D:6)
  A water moccasin skeleton (D:6)
  2 hounds
  2 orc priests
  2 bullfrog zombies (D:5)
  2 centaur skeletons
  A jelly (D:2)
  A bullfrog skeleton (D:6)
  An orc wizard (D:3)
  2 iguanas (D:5)
  A hound skeleton (D:3)
  A hound zombie (D:5)
  A howler monkey skeleton (D:5)
  8 adders
  A gnoll (D:1)
  A white imp (D:5)
  An ufetubus (D:5)
  3 worms
  2 dart slugs
  12 orcs
  2 bats
  13 endoplasms
  A giant cockroach (D:3)
  7 goblins
  7 hobgoblins
  5 jackals (D:1)
  16 kobolds
  3 quokkas
  7 ball pythons
  3 frilled lizards
  11 rats
132 creatures vanquished.

Vanquished Creatures (collateral kills)
  2 orcs
  A ball python (D:2)
  A bat (D:1)
  A quokka (D:3)
  A frilled lizard (D:2)
6 creatures vanquished.

Vanquished Creatures (others)
  An orc warrior (D:6)
  An orc (D:6)
  4 fungi (D:2)
  7 toadstools (D:2)
13 creatures vanquished.

Grand Total: 151 creatures vanquished

Notes
Turn   | Place    | Note
-------+----------+-------------------------------------------
     0 | D:1      | croobank the Vine Stalker Wanderer began the quest for the
                  | Orb.
     0 | D:1      | croobank set off with the following items: a +0 club, 31
                  | stones, a +0 robe, a potion of attraction; and the
                  | following spells available to memorise: Sandblast, Summon
                  | Small Mammal, Passwall, Summon Guardian Golem, Petrify
     0 | D:1      | Reached XP level 1. HP: 12/12 MP: 4/4
   219 | D:1      | Reached XP level 2. HP: 17/17 MP: 6/6
   222 | D:1      | Learned a level 1 spell: Sandblast
   541 | D:1      | Reached XP level 3. HP: 16/21 MP: 5/7
   544 | D:1      | Learned a level 1 spell: Summon Small Mammal
  1049 | D:1      | Found a faded altar of an unknown god.
  1561 | D:2      | Found a shimmering altar of Xom.
  1596 | D:2      | Gained mutation: Your natural rate of healing is unusually
                  | fast. [Vine Stalker growth]
  1596 | D:2      | Reached XP level 4. HP: 20/25 MP: 5/8
  1653 | D:2      | Reached skill level 1 in Axes
  1727 | D:2      | Learned a level 2 spell: Passwall
  2169 | D:2      | Reached XP level 5. HP: 26/29 MP: 4/10
  2869 | D:3      | Learned a level 3 spell: Summon Guardian Golem
  2976 | D:3      | Noticed a nameless horror
  3002 | D:3      | Reached skill level 1 in Dodging
  3002 | D:3      | Reached skill level 1 in Stealth
  3002 | D:3      | Reached XP level 6. HP: 17/34 MP: 3/11
  3706 | D:4      | Identified the +9 quarterstaff of Poverty {speed, Int+7
                  | Dex+3}
  3750 | D:4      | Reached skill level 1 in Staves
  3829 | D:4      | Reached skill level 2 in Staves
  4054 | D:4      | Found a stormy altar of Qazlal.
  4572 | D:5      | Entered Level 5 of the Dungeon
  4598 | D:5      | Reached skill level 3 in Staves
  4598 | D:5      | Reached XP level 7. HP: 35/38 MP: 9/13
  4798 | D:5      | Reached skill level 4 in Staves
  5072 | D:5      | Reached skill level 5 in Staves
  5077 | D:5      | Gained mutation: You have razor-sharp teeth. [Vine Stalker
                  | growth]
  5077 | D:5      | Reached XP level 8. HP: 38/42 MP: 12/14
  5167 | D:5      | Reached skill level 6 in Staves
  5706 | D:6      | Reached skill level 7 in Staves
  5915 | D:6      | Found a staircase to the Ecumenical Temple.
  5971 | Temple   | Entered the Ecumenical Temple
  6023 | Temple   | Became a worshipper of Hepliaklqana the Forgotten
  6248 | D:6      | Reached skill level 8 in Staves
  6483 | D:6      | Succumbed to a killer bee's poison

Illustrated notes

Levels and vault maps discovered:
D:1:      wander_arrival_lonely_grave, layout_loops_corners,
          shapermc_ecumenical_altar_notcrosses, minmay_pentomino_u4
D:2:      cheibrodos_fertilizer, layout_basic, basic_altar, minivault_25
D:3:      layout_basic, kennysheep_generic_room_2
D:4:      layout_layer_cave, grunt_qazlal_clouds
D:5:      layout_gridville, hangedman_abyss_or_decor_slice
D:6:      layout_loops_ring, minmay_temple_entry_grid
D:7:      layout_basic
Temple:   minmay_crystal_spiral_temple

Skill      XL: |  1  2  3  4  5  6  7  8 |
---------------+-------------------------+-----
Fighting       | 4 |  4.3
Axes           | 1 2 |  2.1
Spellcasting   | 3 |  3.5
Dodging        | 1 |  1.0
Stealth        | 1 |  1.0
Staves         | 3 5 8 |  8.2
Maces & Flails | |  0.2
Hexes          | |  0.4
Summonings     | |  1.9
Earth Magic    | |  2.9
Evocations     | |  1.0

Action                   |  1- 3 |  4- 6 |  7- 9 || total
-------------------------+-------+-------+-------++-------
Melee: Club              |     8 |       |       ||     8
       Flail             |    13 |       |       ||    13
       Bite              |     7 |    34 |    21 ||    62
       Hand axe          |    34 |   102 |       ||   136
       Punch             |     1 |     2 |       ||     3
       Quarterstaff      |       |    28 |    78 ||   106
 Cast: Sandblast         |    13 |    33 |     7 ||    53
       Summon Small Mamm |    10 |    32 |    12 ||    54
       Summon Guardian G |       |     2 |     4 ||     6
Evoke: Wand              |       |       |     4 ||     4
  Use: Scroll            |       |     5 |       ||     5
 Stab: Sleeping          |     1 |     1 |     3 ||     5
       Distracted        |     1 |       |       ||     1
Armor: Robe              |    13 |    31 |     7 ||    51
Dodge: Dodged            |    37 |    79 |    23 ||   139
